 Dungeon Crawl Stone Soup version 0.21-a0-348-ga060c75 (webtiles) character file.

53 saturnerianis the Cudgeler (level 3, 0/36 HPs)
             Began as a Troll Berserker on Oct 6, 2017.
             Was a Believer of Trog.
             Slain by a goblin (4 damage)
             ... on level 2 of the Dungeon.
             The game lasted 00:02:25 (726 turns).

saturnerianis the Cudgeler (Troll Berserker)         Turns: 726, Time: 00:02:25

Health: 0/36       AC:  5    Str: 26    XL:     3   Next: 64%
Magic:  2/2        EV: 10    Int:  3    God:    Trog [**....]
Gold:   53         SH:  0    Dex:  9    Spells: 2/2 levels left

rFire    . . .     SeeInvis .   a - +0 mace
rCold    . . .     Gourm    +   (no shield)
rNeg     . . .     Faith    .   b - +0 animal skin
rPois    .         Spirit   .   (helmet restricted)
rElec    .         Reflect  .   (no cloak)
rCorr    .         Harm     .   (gloves unavailable)
MR       ++...                  (boots unavailable)
Stlth    +.........             (no amulet)
HPRegen  1.52/turn              (no ring)
MPRegen  0.08/turn              (no ring)

@: berserk cooldown, regenerating, slowed, very slow
A: unfitting armour, claws 3, fast metabolism 3, gourmand, regeneration 1,
shaggy fur 1, tough skin 2
a: Berserk, Trog's Hand, Burn Spellbooks, Renounce Religion


You were on level 2 of the Dungeon.
You worshipped Trog.
Trog was pleased with you.
You were very full.

You visited 1 branch of the dungeon, and saw 2 of its levels.

You collected 53 gold pieces.

Inventory:

Hand Weapons
 a - a +0 mace (weapon)
Missiles
 d - 2 throwing nets (quivered)
Armour
 b - a +0 animal skin (worn)
Jewellery
 j - an uncursed amulet of harm {unknown}
 k - an uncursed ring of flight {unknown}
Scrolls
 e - a scroll of remove curse {unknown}
 i - a scroll of magic mapping {unknown}
Potions
 h - a potion of ambrosia {unknown}
Comestibles
 c - 2 bread rations
 f - a meat ration
 g - 3 fruits


   Skills:
 - Level 2.4 Fighting
 + Level 4.2 Maces & Flails
 - Level 2.4 Dodging


You had 2 spell levels left.
You didn't know any spells.

Dungeon Overview and Level Annotations

Branches:
Dungeon (2/15)

Altars:

Annotations:
D:2 Robin


Innate Abilities, Weirdness & Mutations

You are too large for most types of armour.
You have claws for hands.
Your metabolism is lightning-fast.
You like to eat raw meat.
Your natural rate of healing is unusually fast.
You are covered in fur. (AC +1)
You have very tough skin. (AC +2)


Message History

The goblin hits you.
* * * LOW HITPOINT WARNING * * *
The giant cockroach misses you. The goblin barely misses you.
You barely miss the giant cockroach.
The giant cockroach completely misses you.
Robin hits you from afar with a spear.
* * * LOW HITPOINT WARNING * * *
The goblin hits you but does no damage.
The giant cockroach bites you but does no damage.
Robin roars a battlecry!
The goblins go into a battle-frenzy!
The goblin hits you.
* * * LOW HITPOINT WARNING * * *
The giant cockroach barely misses you.
You sock the giant cockroach!
You kill the giant cockroach!
Trog accepts your kill.
You feel the effects of Trog's Hand fading.
The goblin hits you.
You die...

#...#..[#.....)
#####.#.###......
#.....#........†.
#)#########......
##.# ####### #..#
#)## #g# #@# #g#


gg. ..... ....... ........# .........# ..........# You could see Robin and 3
goblins.

Vanquished Creatures
  A worm (D:2)
  A dart slug (D:1)
  2 leopard geckos (D:1)
  4 giant cockroaches
  11 goblins
  7 hobgoblins
  2 ball pythons (D:1)
  3 bats (D:1)
  4 frilled lizards
  3 kobolds (D:1)
  4 rats
42 creatures vanquished.

Notes
Turn   | Place    | Note
-------+----------+-------------------------------------------
     0 | D:1      | saturnerianis the Troll Berserker began the quest for the Orb.
     0 | D:1      | Reached XP level 1. HP: 22/22 MP: 0/0
   103 | D:1      | Reached skill level 3 in Maces & Flails
   115 | D:1      | Reached XP level 2. HP: 12/29 MP: 1/1
   537 | D:2      | Reached XP level 3. HP: 36/36 MP: 2/2
   629 | D:2      | Reached ** piety under Trog
   687 | D:2      | Noticed Robin
   692 | D:2      | Reached skill level 4 in Maces & Flails
   726 | D:2      | Slain by a goblin

Vault maps used:
D:1:      denvon_arrival_waterhouse
D:2:      lemuel_doored_altar, minmay_misc_feat_ornament, uniq_robin

Skill      XL: |  1  2  3 |
---------------+----------+-----
Maces & Flails | 3 4 |  4.2
Fighting       | |  2.4
Dodging        | |  2.4

Action                   || total
-------------------------++-------
Melee: Mace              ||   104
Invok: Berserk           ||     1
       Trog's Hand       ||     1
 Stab: Sleeping          ||     1
  Eat: Chunk             ||    12
Armor: Animal skin       ||    42
Dodge: Dodged            ||    74

Table legend:
 A = Spawn XP
 B = Non-spawn XP
 C = Spawn XP percentage of total XP
 D = Spawn monster count
 E = Non-spawn monster count
 F = Spawn count percentage of total count
 G = Total turns spent on level
                    A         B        C        D         E        F      G
               +---------+---------+-------+---------+---------+-------+---------
         Total |       0 |      77 |   0.0 |       0 |      42 |   0.0 |   726
               +---------+---------+-------+---------+---------+-------+---------
           D:1 |       0 |      39 |   0.0 |       0 |      22 |   0.0 |   531
           D:2 |       0 |      38 |   0.0 |       0 |      20 |   0.0 |   195
               +---------+---------+-------+---------+---------+-------+---------
